 Dungeon Crawl Stone Soup version 0.28.0-49-g6dfe1f597d (webtiles) character file.

Game seed: 15350070329739484708

174 issech the Cudgeller (level 5, -2/47 HPs)
             Began as a Troll Monk on May 16, 2022.
             Was a Believer of Hepliaklqana.
             Killed by divine providence
             ... invoked by an orc priest
              (15 damage)
             ... on level 3 of the Dungeon.
             The game lasted 00:06:34 (2057 turns).

issech the Cudgeller (Troll Monk)                   Turns: 2057, Time: 00:06:36

Health: -2/47      AC:  9    Str: 19    XL:     5   Next: 28%
Magic:  4/4        EV: 10    Int:  6    God:    Hepliaklqana [**....]
Gold:   61         SH:  0    Dex: 14    Spells: 4/4 levels left

rFire   . . .      SeeInvis .   p - +2 dagger (venom)
rCold   . . .      Faith    .   (no shield)
rNeg    . . .      Spirit   .   b - +0 robe
rPois   .          Reflect  .   (helmet restricted)
rElec   .          Harm     .   t - +0 cloak
rCorr   .          Rampage  .   (gloves unavailable)
Will    +....                   (boots unavailable)
Stlth   ++........              (no amulet)
HPRegen 0.95/turn               g - +4 ring of protection
MPRegen 0.09/turn               j - ring of willpower

@: no status effects
A: reduced essence, large, unfitting armour, claws 3, regeneration 1, shaggy fur
1, tough skin 1
a: Renounce Religion, Recall Ancestor, Ancestor Identity


You were on level 3 of the Dungeon.
You worshipped Hepliaklqana.
Hepliaklqana was pleased with you.
You visited 1 branch of the dungeon, and saw 3 of its levels.

You collected 61 gold pieces.

Inventory:

Hand Weapons
 a - a +0 mace
 l - a +2 dagger of protection
 p - a +2 dagger of venom (weapon)
 q - a +0 flail
 s - a +0 hunting sling
Missiles
 d - 108 stones (quivered)
 n - 36 arrows
Armour
 b - a +0 robe (worn)
 t - a +0 cloak (worn)
Jewellery
 g - a +4 ring of protection (left claw)
 j - a ring of willpower (right claw)
 o - a ring of poison resistance
Scrolls
 e - a scroll of blinking {unknown}
 f - 2 scrolls of immolation {unknown}
 h - 2 scrolls of amnesia {unknown}
 k - a scroll of identify {unknown}
 r - a scroll of noise {unknown}
Potions
 c - a potion of mutation {unknown}
 i - a potion of lignification {unknown}
 m - a potion of berserk rage {unknown}


   Skills:
 + Level 3.1 Fighting
 + Level 1.5 Short Blades
 + Level 3.6 Maces & Flails
 + Level 3.0 Dodging
 + Level 1.5 Stealth


You had 4 spell levels left.
You didn't know any spells.
Your spell library was empty.

Dungeon Overview and Level Annotations

Branches:
Dungeon (3/15)

Altars:
Cheibriados
Hepliaklqana

Shops:
D:2 !


Innate Abilities, Weirdness & Mutations

Your life essence is reduced to manifest your ancestor. (-10% HP)
You are too large for most types of armour.
You have claws for hands.
Your natural rate of healing is unusually fast.
You are covered in fur. (AC +1)
You have tough skin. (AC +1)


Message History

The orc shouts! 2 orc priests and a kobold come into view.
The orc priest shouts! x2
The orc priest invokes the aid of Beogh against you.
Beogh smites you! The orc hits you but does no damage.
You hit the orc.
The orc is almost dead.
The orc closely misses you.
You barely miss the orc.
The orc is almost dead.
The kobold hits you but does no damage.
You closely miss the orc priest. The orc closely misses you.
The kobold hits you with a +0 short sword.
You hit the orc priest.
The orc priest is poisoned.
The orc priest is moderately wounded.
The orc hits you with a +0 hand axe.
The orc priest calls down the wrath of Beogh upon you.
Beogh smites you!
The orc priest looks braver for a moment.
The kobold hits you with a +0 short sword.
You hit the orc.
You kill the orc!
The orc priest miscasts a cantrip.
The orc priest mumbles some strange prayers to Beogh against you.
Pain shoots through your body! The kobold hits you but does no damage.
You barely miss the orc priest.
The orc priest is moderately wounded.
The orc priest hits you with a +0 falchion.
The orc priest calls down the wrath of Beogh upon you.
You resist with some effort.
The kobold hits you with a +0 short sword.
* * * LOW HITPOINT WARNING * * *
You swap places.
Eideard casts a spell at the orc priest.
The stone arrow hits the orc priest!
The orc priest dies!
The orc priest calls down the wrath of Beogh upon you.
Beogh smites you!
You die...

# #......########.....## #
#>###.............)... #
#.#############...####
#................)#
#..############...#
########......... #...#
...............# #...#
##.######.####)###.###...#
..........@R).o........#
.#######.###K###.......#
.... .# ###.### ###.## ##
#.# #.# #.# #.#


You could see the friendly Eideard the battlemage, an orc priest and a kobold.

Vanquished Creatures
  An orc wizard (D:3)
  An adder (D:2)
  A white imp (D:3)
  2 dart slugs (D:1)
  An orc (D:3)
  4 ball pythons
  5 bats
  5 endoplasms
  A giant cockroach (D:2)
  6 goblins
  5 hobgoblins
  2 jackals (D:2)
  4 kobolds
  2 quokkas (D:2)
  4 frilled lizards
  20 rats
64 creatures vanquished.

Vanquished Creatures (collateral kills)
  An orc priest (D:3)
  A bullfrog skeleton (D:3)
  Natasha (D:3)
  2 dart slugs (D:3)
  An orc (D:3)
  A goblin (D:3)
  A hobgoblin (D:3)
  A rat (D:3)
9 creatures vanquished.

Vanquished Creatures (others)
  4 toadstools (D:1)
4 creatures vanquished.

Grand Total: 77 creatures vanquished

Notes
Turn   | Place    | Note
-------+----------+-------------------------------------------
     0 | D:1      | issech the Troll Monk began the quest for the Orb.
     0 | D:1      | Reached XP level 1. HP: 22/22 MP: 0/0
    72 | D:1      | Reached XP level 2. HP: 29/29 MP: 1/1
   493 | D:1      | Reached XP level 3. HP: 30/36 MP: 2/2
  1009 | D:2      | Found Hoodaumu's Distillery.
  1281 | D:2      | Reached XP level 4. HP: 45/45 MP: 3/3
  1783 | D:3      | Found a hazy altar of Hepliaklqana.
  1783 | D:3      | Found a snail-covered altar of Cheibriados.
  1787 | D:3      | Became a worshipper of Hepliaklqana the Forgotten
  1787 | D:3      | Reached * piety under Hepliaklqana
  1787 | D:3      | Reached ** piety under Hepliaklqana
  1788 | D:3      | Remembered your ancestor Eideard as a battlemage
  1877 | D:3      | Noticed Natasha
  1881 | D:3      | Reached skill level 1 in Short Blades
  1883 | D:3      | Killed Natasha
  1888 | D:3      | Reached XP level 5. HP: 35/47 MP: 4/4
  2057 | D:3      | Killed from afar by an orc priest

Illustrated notes

Levels and vault maps discovered:
D:1:      ldierk_walled_garden_2, layout_loops_cross,
          chequers_serial_rivers_room_b
D:2:      layout_basic, serial_shops, shop_statue, minmay_rat_hole
D:3:      layout_loops_ring, gammafunk_temple_overflow_elements, uniq_natasha

Skill      XL: |  1  2  3  4 |
---------------+-------------+-----
Maces & Flails | 3 |  3.6
Fighting       | 3 |  3.1
Short Blades   | 1 |  1.5
Dodging        | 3 |  3.0
Stealth        | |  1.5

Action                   |  1- 3 |  4- 6 || total
-------------------------+-------+-------++-------
Melee: Mace              |    35 |       ||    35
       Dagger            |   124 |    42 ||   166
       Punch             |     2 |       ||     2
Invok: Ancestor Life: Ba |       |     1 ||     1
 Stab: Sleeping          |     2 |     1 ||     3
       Distracted        |       |     1 ||     1
Armor: Robe              |    98 |    27 ||   125
Dodge: Dodged            |   101 |    17 ||   118
